 Dungeon Sprint DCSS version 0.22-a0-430-g6609fc6 (webtiles) character file.

9143 GameOver the Fighter (level 11, -14/120 HPs)
             Began as a Naga Wizard on May 26, 2018.
             Was the Champion of Cheibriados.
             Demolished by an iron giant
             ... wielding a +0 dire flail
              (38 damage)
             ... in the Dungeon (Sprint V: "Ziggurat Sprint").
             The game lasted 00:21:51 (765 turns).

GameOver the Fighter (Naga Wizard)                   Turns: 765, Time: 00:21:52

Health: -14/120    AC: 21    Str: 35    XL:     11   Next: 41%
Magic:  16/26      EV: 13    Int: 47    God:    Cheibriados [******]
Gold:   0          SH: 33    Dex: 29    Spells: 6/18 levels left

rFire    + + +     SeeInvis +   Q - +8 lance "Wyrmbane" {slay drac, rPois rF+ rC+ AC+3}
rCold    . . .     Gourm    .   O - +18 shield of the Gong {rElec rN+ MR+ EV-5}
rNeg     + . .     Faith    .   c - +5 fire dragon scales
rPois    +         Spirit   .   b - +0 hat
rElec    +         Reflect  .   (no cloak)
rCorr    +         Harm     .   r - +0 pair of gloves "Optin" {rF+ MP+9}
MR       ++...     NoTele   +   R - +0 naga barding of Ilitum {rCorr Int+4}
Stlth    +++.......             z - amulet "Qinerphy" {+Blink Regen+ Str+5}
HPRegen  0.70/turn              I - +6 ring of intelligence
MPRegen  0.20/turn              T - +6 ring of evasion

@: mighty, agile, corroded, studying Stealth, very slow
A: large, see invisible, deformed body, poison resistance, slowness 2, slow
metabolism 1, spit poison 1, AC +3
a: Spit Poison, Bend Time, Temporal Distortion, Slouch, Step From Time, Renounce
Religion, Evoke Blink


You were in the Dungeon.
You worshipped Cheibriados.
Cheibriados was exalted by your worship.
You were not hungry.

You visited 1 branch

Inventory:

Hand Weapons
 N - the +6 Majin-Bo {vamp, Archmagi MP+6 Int+6}
   (You found it in the Dungeon)

   It inflicts no extra harm, but heals its wielder when it wounds a living foe.
   It affects your intelligence (+6).
   It affects your magic capacity (+6).
 Q - the +8 lance "Wyrmbane" (weapon) {slay drac, rPois rF+ rC+ AC+3}
   (You found it in the Dungeon)

   It affects your AC (+3).
   It protects you from fire.
   It protects you from cold.
   It protects you from poison.
 U - the +8 glaive of the Guard {elec, +Rage AC+5 SInv}
   (You found it in the Dungeon)

   Occasionally, upon striking a foe, it will discharge some electrical energy
   and cause terrible harm.
   It affects your AC (+5).
   It lets you see invisible.
   It lets you go berserk.
 V - the +12 trident of Dithmenos's Approval {drain, *Contam rPois rC+ MR++}
   (You found it in the Dungeon)

   A truly terrible weapon, it drains the life of those it strikes.
   It protects you from cold.
   It protects you from poison.
   It affects your resistance to hostile enchantments.
   It causes magical contamination when unequipped.
Armour
 b - a +0 hat (worn)
 c - +5 fire dragon scales (worn)
 k - +5 gold dragon scales
 r - the +0 pair of gloves "Optin" (worn) {rF+ MP+9}
   (You found it in the Dungeon)

   It protects you from fire.
   It affects your magic capacity (+9).
 O - the +18 shield of the Gong (worn) {rElec rN+ MR+ EV-5}
   (You found it in the Dungeon)

   It affects your evasion (-5).
   It insulates you from electricity.
   It protects you from negative energy.
   It affects your resistance to hostile enchantments.
 R - the +0 naga barding of Ilitum (worn) {rCorr Int+4}
   (You acquired it in the Dungeon)

   It affects your intelligence (+4).
   It protects you from acid and corrosion.
Magical Staves
 E - an uncursed staff of energy
 S - an uncursed staff of power
Jewellery
 z - the amulet "Qinerphy" (around neck) {+Blink Regen+ Str+5}
   (You found it in the Dungeon)

   [amulet of regeneration]

   It affects your strength (+5).
   It lets you blink.
   It increases your rate of regeneration.
 G - a +6 ring of dexterity
 H - a +6 ring of dexterity
 I - a +6 ring of intelligence (left hand)
 J - a +6 ring of intelligence
 K - a +6 ring of strength
 L - a +6 ring of strength
 T - a +6 ring of evasion (right hand)
Wands
 y - a wand of disintegration (7)
 C - a wand of iceblast (4)
 D - a wand of acid (6)
Scrolls
 j - 4 scrolls of blinking
 p - 4 scrolls of amnesia
 q - 7 scrolls of fog
 s - 5 scrolls of identify
 t - 5 scrolls of remove curse
 u - 2 scrolls of fear
Potions
 e - 6 potions of curing
 f - 4 potions of heal wounds
 g - 10 potions of haste
 h - 7 potions of magic
 i - 3 potions of berserk rage
 v - 2 potions of brilliance
 w - 2 potions of invisibility
 x - 4 potions of resistance
 A - 4 potions of agility
 B - 4 potions of might
Books
 l - a manual of Stealth
Miscellaneous
 n - a phial of floods
 o - 3 phantom mirrors
 F - a crystal ball of energy
 M - a lightning rod (4/4)
 W - a lamp of fire
 X - a phial of floods
Comestibles
 d - 7 rations


   Skills:
 - Level 14.0 Fighting
 + Level 13.4 Polearms
 + Level 8.1 Armour
 - Level 1.5 Dodging
 - Level 3.0 Stealth
 - Level 9.1 Shields
 + Level 4.3 Spellcasting
 - Level 7.8 Conjurations
   Level 1.0 Summonings
 - Level 3.4 Translocations
 + Level 3.1 Ice Magic
 - Level 3.1 Air Magic
 - Level 4.2 Poison Magic
 - Level 8.5 Invocations


You had 6 spell levels left.
You knew the following spells:

 Your Spells              Type           Power        Failure   Level  Hunger
a - Magic Dart            Conj           ####         1%          1    None
b - Blink                 Tloc           N/A          1%          2    None
c - Bolt of Cold          Conj/Ice       ######....   52%         6    ######.
s - Mephitic Cloud        Conj/Pois/Air  ######..     1%          3    None

Your spell library contained the following spells:

 Spells                   Type           Power        Failure   Level  Hunger
 Cause Fear               Hex            ##........   36%         4    ##.....
 Conjure Flame            Conj/Fire      #####...     2%          3    None
 Bolt of Magma            Conj/Fire/Erth ####......   34%         5    ####...
 Slow                     Hex            ##......     6%          2    None
 Freezing Cloud           Conj/Ice/Air   ######....   63%         6    ######.
 Venom Bolt               Conj/Pois      ######....   9%          5    ####...
 Ozocubu's Refrigeration  Ice            #####.....   83%         6    ######.
 Summon Ice Beast         Ice/Summ       ####....     16%         4    ##.....
 Call Imp                 Summ           ###.....     3%          2    None
 Sting                    Conj/Pois      ####         1%          1    None
 Shock                    Conj/Air       ####         1%          1    None
 Ice Form                 Ice/Tmut       ####....     19%         4    ##.....
 Deflect Missiles         Chrm/Air       ####......   97%         6    ######.
 Airstrike                Air            #####.....   10%         4    ##.....
 Passwall                 Tmut/Erth      ##......     6%          2    None
 Call Canine Familiar     Summ           ###.....     8%          3    None
 Metabolic Englaciation   Hex/Ice        ####......   47%         5    ####...
 Summon Butterflies       Summ           ###.....     2%          1    None
 Silence                  Hex/Air        ####......   50%         5    ####...
 Simulacrum               Ice/Necr       ####......   96%         6    ######.
 Petrify                  Tmut/Erth      ##......     36%         4    ##.....
 Summon Hydra             Summ           ###.......   100%        7    #######
 Discord                  Hex            ##........   100%        8    #######
 Summon Mana Viper        Hex/Summ       ##......     63%         5    ####...
 Yara's Violent Unravell  Hex/Tmut       ##........   71%         5    ####...


Dungeon Overview and Level Annotations

Branches:
Dungeon (1/1)

Altars:
Ashenzari
Cheibriados
Dithmenos
Elyvilon
Fedhas
Gozag
Hepliaklqana
Kikubaaqudgha
Makhleb
Nemelex Xobeh
Okawaru
Qazlal
Ru
Sif Muna
Trog
Uskayaw
Vehumet
Wu Jian
Xom
Yredelemnul
Zin
The Shining One
Beogh
Jiyva
Lugonu

Annotations:
D 1 transporter


Innate Abilities, Weirdness & Mutations

You cannot wear boots.
Your serpentine skin is tough. (AC +3)
You have supernaturally acute eyesight. (SInv)
Armour fits poorly on your strangely shaped body.
Your system is resistant to poisons. (rPois)
You cover ground very slowly.
You have a slow metabolism.
You can spit poison.


Message History

You puncture the iron giant!
The iron giant is severely wounded.
You block the giant cockroach zombie's attack.
GONNNNG!
Unknown command.
You can feel time thicken for a moment.
You destroy the giant cockroach zombie!
Cheibriados thoroughly appreciates the change of pace.
You destroy the wight!
Cheibriados appreciates the change of pace.
You kill the rust devil!
Cheibriados thoroughly appreciates the change of pace.
Your Ice Magic skill increases to level 3!
You kill the iron imp!
Cheibriados appreciates the change of pace.
You destroy the adder zombie!
Cheibriados thoroughly appreciates the change of pace.
You feel somewhat more hungry.
The iron giant hits you with a dire flail!!!
You die...

▓...)=....▓..))...▓
▓.........▓.......▓
▓..)......▓.......▓
▓.........▓.......▓
▓....)..).▓.......▓
▓....))...▓.▓...▓.▓
▓.)..©.(..▓...©÷..▓
▓▓▓▓▓▓▓▓▓▓▓▓▓▓▓▓▓▓▓▓▓
▓...8©8)C@▓...8©8...▓
▓..}}}|[).▓..[")")..▓
▓..)))[|..▓...).=...▓
▓.........▓.........▓
▓.........▓.........▓
▓.........▓.........▓
▓.........▓.....)...▓
▓.........▓.▓...).▓.▓
▓.▓.....▓.▓....©....▓


You could see an iron giant.

Vanquished Creatures
  2 mummy priests (D)
  A deep elf knight (D)
  A flayed ghost (D)
  A deep elf archer (D)
  4 deep elf magi (D)
  A rust devil (D)
  A smoke demon (D)
  A spiny frog (D)
  A komodo dragon (D)
  A hellwing (D)
  A tormentor (D)
  An ice devil (D)
  A freezing wraith (D)
  2 guardian mummies (D)
  A red devil (D)
  A polar bear (D)
  An air elemental (D)
  2 yaks (D)
  4 fire elementals (D)
  A hell hound (D)
  A water moccasin (D)
  2 ice beasts (D)
  2 phantoms (D)
  2 bullfrogs (D)
  3 wights (D)
  A crimson imp (D)
  4 orc priests (D)
  An iron imp (D)
  3 mummies (D)
  4 white imps (D)
  An adder skeleton (D)
  An adder zombie (D)
  3 bat zombies (D)
  2 ball pythons (D)
  2 giant cockroach zombies (D)
  A jackal skeleton (D)
  A fire vortex (D)
63 creatures vanquished.

Notes
Turn   | Place    | Note
-------+----------+-------------------------------------------
     0 | D        | Found the +6 Majin-Bo {vamp, Archmagi MP+6 Int+6}
     0 | D        | Found the +7 great mace "Firestarter" {inner flame, rF++}
     0 | D        | GameOver the Naga Wizard began the quest for the Orb.
     0 | D        | Reached XP level 1. HP: 15/15 MP: 4/4
     3 | D        | Found a blossoming altar of Fedhas.
     5 | D        | Found a hazy altar of Hepliaklqana.
     5 | D        | Found a viscous altar of Jiyva.
     5 | D        | Found an opulent altar of Gozag.
     5 | D        | Found a transporter.
     5 | D        | Found an ancient bone altar of Kikubaaqudgha.
     9 | D        | Became a worshipper of Cheibriados the Contemplative
    13 | D        | Found a corrupted altar of Lugonu.
    19 | D        | Found a burning altar of Makhleb.
    20 | D        | Found a sacrificial altar of Ru.
    20 | D        | Found a stormy altar of Qazlal.
    20 | D        | Found a deep blue altar of Sif Muna.
    20 | D        | Found an iron altar of Okawaru.
    20 | D        | Found a bloodstained altar of Trog.
    20 | D        | Found a sparkling altar of Nemelex Xobeh.
    39 | D        | Found the +9 heavy crossbow "Sniper" {velocity, Acc+∞ SInv}
    39 | D        | Found the +10 dark maul {crush}
    39 | D        | Found the +15 Maxwell's patent armour {-Cast -Tele rElec MR+ rCorr}
    39 | D        | Found the +18 shield of the Gong {rElec rN+ MR+ EV-5}
    39 | D        | Found the cursed +14 obsidian axe {chop, +Fly SInv *Curse}
    41 | D        | Found the +6 shillelagh "Devastator" {shatter}
    41 | D        | Found the +11 plutonium sword {*Contam Stlth-}
    41 | D        | Found the +8 lance "Wyrmbane" {slay drac, rPois rF+ rC+ AC+3}
    41 | D        | Found the +9 sword of Zonguldrok {reap}
    41 | D        | Found the cursed +13 scythe of Curses {drain, *Curse}
    41 | D        | Found the +0 sword of Power
    41 | D        | Found the +1 mace of Variability {chaos}
    41 | D        | Found the +7 Singing Sword
    41 | D        | Found the +7 longbow "Piercer" {penet, EV-2}
    52 | D        | Entered arena 2.
    52 | D        | Noticed a smoke demon
    52 | D        | Found a transporter.
    55 | D        | Reached skill level 2 in Fighting
    55 | D        | Reached skill level 1 in Shields
    55 | D        | Reached XP level 2. HP: 12/27 MP: 6/6
    60 | D        | Killed a smoke demon
    60 | D        | Reached skill level 9 in Fighting
    60 | D        | Reached skill level 5 in Shields
    60 | D        | Reached XP level 3. HP: 35/46 MP: 7/7
    60 | D        | Reached XP level 4. HP: 42/55 MP: 8/8
    60 | D        | Reached XP level 5. HP: 47/62 MP: 9/9
    60 | D        | Reached XP level 6. HP: 52/69 MP: 10/10
    61 | D        | Reached skill level 10 in Fighting
    61 | D        | Reached XP level 7. HP: 61/80 MP: 11/11
    65 | D        | Got the amulet "Qinerphy" {+Blink Regen+ Str+5}
    86 | D        | Entered arena 3.
    86 | D        | Found a transporter.
    89 | D        | Reached * piety under Cheibriados
    91 | D        | Reached ** piety under Cheibriados
    99 | D        | Got the ring of Binyruocw {-Tele rPois rF++ Stlth-}
   108 | D        | Learned a level 2 spell: Blink
   112 | D        | Learned a level 3 spell: Mephitic Cloud
   141 | D        | Entered arena 4.
   141 | D        | Found a transporter.
   146 | D        | Reached *** piety under Cheibriados
   151 | D        | Reached skill level 1 in Polearms
   155 | D        | Reached skill level 11 in Fighting
   169 | D        | Got a brightly glowing naga barding
   175 | D        | Identified the +0 naga barding of Ilitum {rCorr Int+4} (You acquired it in the Dungeon)
   176 | D        | Entered arena 5.
   176 | D        | Noticed a hellwing
   176 | D        | Found a transporter.
   187 | D        | Reached **** piety under Cheibriados
   204 | D        | Killed a hellwing
   204 | D        | Reached XP level 8. HP: 67/90 MP: 12/12
   220 | D        | Entered arena 6.
   220 | D        | Found a transporter.
   221 | D        | Found the +8 glaive of the Guard {elec, +Rage AC+5 SInv}
   224 | D        | Reached ***** piety under Cheibriados
   224 | D        | Reached skill level 1 in Armour
   225 | D        | Reached skill level 5 in Polearms
   242 | D        | Got the Collected Works on Virous Clay
   257 | D        | Entered arena 7.
   257 | D        | Noticed a yak
   257 | D        | Noticed a yak
   257 | D        | Noticed a spiny frog
   257 | D        | Noticed a komodo dragon
   262 | D        | Reached XP level 9. HP: 98/98 MP: 6/13
   266 | D        | Reached ****** piety under Cheibriados
   268 | D        | Killed a spiny frog
   278 | D        | Found a transporter.
   289 | D        | Killed a komodo dragon
   289 | D        | Reached skill level 12 in Fighting
   301 | D        | Got the +12 trident of Dithmenos's Approval {drain, *Contam rPois rC+ MR++}
   306 | D        | Entered arena 8.
   306 | D        | Noticed a polar bear
   306 | D        | Noticed a freezing wraith
   306 | D        | Noticed an ice devil
   317 | D        | Killed a freezing wraith
   323 | D        | Killed an ice devil
   330 | D        | Killed a polar bear
   331 | D        | Reached XP level 10. HP: 43/108 MP: 14/14
   332 | D        | Found a transporter.
   347 | D        | Got the Papyrus of Flight and the Snowflakes
   410 | D        | Entered arena 9.
   410 | D        | Noticed a mummy priest
   410 | D        | Noticed a mummy priest
   415 | D        | Noticed a jiangshi
   419 | D        | Noticed a rust devil
   422 | D        | Reached skill level 5 in Armour
   423 | D        | Found a transporter.
   425 | D        | Noticed a flayed ghost
   433 | D        | Reached skill level 10 in Polearms
   433 | D        | Reached skill level 5 in Invocations
   434 | D        | Noticed a smoke demon
   434 | D        | Noticed a sun demon
   437 | D        | Noticed a flayed ghost
   437 | D        | Noticed a smoke demon
   438 | D        | Killed a mummy priest
   438 | D        | Reached skill level 13 in Fighting
   438 | D        | Noticed a soul eater
   443 | D        | Noticed a shadow wraith
   443 | D        | Noticed a jiangshi
   444 | D        | HP: 5/110 [smoke demon/divine providence[a mummy priest] (16)]
   450 | D        | Killed a mummy priest
   600 | D        | Entered arena 10.
   600 | D        | Noticed a deep elf mage
   600 | D        | Noticed a deep elf knight
   600 | D        | Noticed a deep elf mage
   600 | D        | Noticed a deep elf archer
   600 | D        | Noticed a deep elf mage
   600 | D        | Noticed a deep elf mage
   611 | D        | Found a transporter.
   618 | D        | Killed a deep elf mage
   623 | D        | Killed a deep elf mage
   628 | D        | Killed a deep elf archer
   630 | D        | Reached XP level 11. HP: 75/117 MP: 11/16
   633 | D        | Killed a deep elf mage
   635 | D        | Killed a deep elf mage
   642 | D        | Killed a deep elf knight
   670 | D        | Entered arena 11.
   690 | D        | Found a transporter.
   701 | D        | Got the amulet "Gezxoliu" {Harm *Drain Int+4}
   706 | D        | Got the +0 pair of gloves "Optin" {rF+ MP+9}
   730 | D        | Learned a level 6 spell: Bolt of Cold
   731 | D        | Entered arena 12.
   731 | D        | Noticed an iron giant
   732 | D        | Found the +7 sceptre of Torment
   732 | D        | Noticed a flayed ghost
   737 | D        | Reached skill level 14 in Fighting
   741 | D        | Found a transporter.
   748 | D        | Killed a flayed ghost
   765 | D        | Demolished by an iron giant

Vault maps used:
D:        sprint_v

Skill      XL: |  1  2  3  4  5  6  7  8  9 10 11 |
---------------+----------------------------------+-----
Fighting       | 2 9 10 11 12 13 14 | 14.0
Shields        | 1 5 6 8 9 |  9.1
Conjurations   | 2 6 7 |  7.8
Translocations | 3 |  3.4
Air Magic      | 3 |  3.1
Poison Magic   | 4 |  4.2
Invocations    | 3 4 7 8 |  8.5
Polearms       | 3 6 9 12 13 | 13.4
Armour         | 2 4 7 8 |  8.1
Ice Magic      | 3 |  3.1
Spellcasting   | 4 |  4.3
Dodging        | |  1.5
Stealth        | |  3.0
Summonings     | |  1.0

Action                   |  1- 3 |  4- 6 |  7- 9 | 10-12 || total
-------------------------+-------+-------+-------+-------++-------
Melee: Rapier            |     3 |       |       |       ||     3
       Lance             |       |       |   104 |   126 ||   230
 Cast: Mephitic Cloud    |       |       |     3 |     2 ||     5
       Blink             |       |       |     1 |     6 ||     7
       Magic Dart        |       |       |     1 |       ||     1
Invok: Slouch            |       |       |       |     3 ||     3
 Abil: Spit Poison       |       |       |     2 |     2 ||     4
Evoke: Wand              |     2 |       |     2 |       ||     4
       Lightning rod     |       |       |       |     3 ||     3
  Use: Potion            |     3 |     1 |     2 |     9 ||    15
       Scroll            |       |       |     1 |     1 ||     2
 Stab: Confused          |       |       |     5 |     1 ||     6
Armor: Robe              |     1 |       |    14 |       ||    15
       Fire dragon scale |       |       |    18 |    33 ||    51
Dodge: Dodged            |     4 |       |     9 |    18 ||    31
Block: Buckler           |     2 |       |       |       ||     2
       Shield            |       |       |   144 |   155 ||   299

Table legend:
 A = Spawn XP
 B = Non-spawn XP
 C = Spawn XP percentage of total XP
 D = Spawn monster count
 E = Non-spawn monster count
 F = Spawn count percentage of total count
 G = Total turns spent on level
                    A         B        C        D         E        F      G
               +---------+---------+-------+---------+---------+-------+---------
         Total |       0 |   12646 |   0.0 |       0 |      62 |   0.0 |   765
               +---------+---------+-------+---------+---------+-------+---------
             D |       0 |   12646 |   0.0 |       0 |      62 |   0.0 |   765
               +---------+---------+-------+---------+---------+-------+---------
